 Dungeon Crawl Stone Soup version 0.28.0-1-gb440e238dd (webtiles) character file.

Game seed: 11188518481920067634

193 croobank the Sneak (level 5, 0/31 HPs)
             Began as an Octopode Fire Elementalist on Feb 20, 2022.
             Slain by a lemure (8 damage)
             ... led by Pikel
             ... on level 4 of the Dungeon.
             The game lasted 00:17:15 (4330 turns).

croobank the Sneak (Octopode Fire Elementalist)     Turns: 4330, Time: 00:17:16

Health: 0/31       AC:  1    Str:  7    XL:     5   Next: 72%
Magic:  4/9        EV: 13    Int: 20    God:
Gold:   84         SH:  0    Dex: 12    Spells: 2/9 levels left

rFire   . . .      SeeInvis .   c - +0 flail
rCold   + + .      Faith    .   (no shield)
rNeg    . . .      Spirit   .   (helmet restricted)
rPois   +          Reflect  .   h - amulet of the acrobat
rElec   .          Harm     .   f - ring of poison resistance
rCorr   .          Rampage  .   (no ring)
Will    .....      Clarity  +   (no ring)
Stlth   +++++.....              (no ring)
HPRegen 0.10/turn               (no ring)
MPRegen 0.11/turn               (no ring)
                                (no ring)
                                (no ring)

@: no status effects
A: almost no armour, amphibious, 8 rings, camouflage 2, gelatinous body 1,
(nimble swimmer 1), tentacles, clarity, cold resistance 2
a: no special abilities


You were on level 4 of the Dungeon.
You visited 1 branch of the dungeon, and saw 5 of its levels.

You collected 84 gold pieces.

Inventory:

Hand Weapons
 a - a +0 antimagic short sword
 c - a +0 flail (weapon)
 q - a +0 battleaxe
 t - a +0 war axe
Missiles
 i - 4 javelins (quivered)
 k - 102 stones
Jewellery
 f - a ring of poison resistance (left tentacle)
 h - an amulet of the acrobat (around mantle)
Wands
 j - a wand of acid (11)
Scrolls
 m - a scroll of torment
 r - a scroll of noise {unknown}
Potions
 d - a potion of ambrosia
 e - a potion of mutation
 g - 3 potions of flight
 o - 2 potions of curing


   Skills:
 + Level 3.0 Dodging
 + Level 4.4 Stealth
 + Level 2.9 Spellcasting
 + Level 2.4 Conjurations
 + Level 3.8 Fire Magic


You had 2 spell levels left.
You knew the following spells:

 Your Spells              Type           Power      Damage    Failure   Level
a - Foxfire               Conj/Fire      60%        2x1d7     4%          1
b - Scorch                Fire           36%        2d7       4%          2
c - Flame Wave            Conj/Fire      15%        2d6       36%         4

Your spell library contained the following spells:

 Spells                   Type           Power      Damage    Failure   Level
 Conjure Flame            Conj/Fire      15%        6-21      12%         3
 Inner Flame              Hex/Fire       10%        N/A       21%         3
 Ignite Poison            Fire/Tmut/Pois 8%         N/A       26%         3
 Mephitic Cloud           Conj/Pois/Air  6%         N/A       30%         3
 Freezing Cloud           Conj/Ice/Air   3%         6-21      96%         5


Dungeon Overview and Level Annotations

Branches:
Dungeon (5/15)
 Temple: D:4-7

Altars:

Annotations:
D:4 Pikel


Innate Abilities, Weirdness & Mutations

You cannot wear most types of armour.
You are amphibious.
You can wear up to eight rings at the same time.
Your skin blends seamlessly with your surroundings (Stealth++).
Your rubbery body absorbs attacks. (AC +1, EV +1)
((You are camouflaged when in or above water. (Stealth+)))
You have tentacles for arms and can constrict up to eight enemies at once.
You possess an exceptional clarity of mind.
Your flesh is very cold resistant. (rC++)


Message History

The hornet zombie barely misses you. The hornet zombie hits you.
Casting: Scorch (safe; 4% risk of failure)
Confirm with . or Enter, or press ? or * to list all spells.
You don't have enough magic to cast this spell.
Casting: Scorch (safe; 4% risk of failure)
Confirm with . or Enter, or press ? or * to list all spells.
You conjure some foxfire!
The hornet zombie hits you!
You barely miss the hornet zombie. You grab the hornet zombie.
The hornet zombie is heavily damaged.
You constrict the hornet zombie, but do no damage.
The foxfire hits the hornet zombie!
The hornet zombie is burned terribly!
The hornet zombie is heavily damaged.
The hornet zombie hits you. x2
Okay, then.
Blink to where?
Press: ? - help, Dir - move target You lose your grip on the hornet zombie.
As you read the scroll of blinking, it crumbles to dust.
The foxfire hits the hornet zombie.
The hornet zombie is burned terribly!
The hornet zombie is severely damaged.
Your magical contamination has completely faded away.
There is a stone staircase leading up here.
You climb upwards.
Level annotation: Pikel The lemure closely misses you.
The lemure hits you!
* * * LOW HITPOINT WARNING * * *
There is a stone staircase leading down, spattered with blood here.
Okay, then.
Okay, then.
Okay, then.
Okay, then.
Casting: Foxfire (safe; 4% risk of failure)
Confirm with . or Enter, or press ? or * to list all spells.
Okay, then.
There is a stone staircase leading up, spattered with blood here.
Found a scroll of vulnerability.
Found a potion of heal wounds.
It was a potion of cancellation.
You feel magically purged. The lemure hits you!
You die...

#.........g........,,,,,,,,*,
#.....###......#....,,***,,,,
##....#........#....,,*****,,
##....##..?..........,,,** *,,
#......#..............,,,* *,,
###..####..............$#####.
##..# ###...................
#...###....5.....$..........
#.#........@...............5
##..........................
#.##.....#................#
##*#....##...............#*
##....##....#.#..รท.#****
#..........###)#..# *
*###..###..<...###.### *
*,*##..*#............###
***,,,,..##..#............


You could see a lemure.

Vanquished Creatures
  A lemure (D:3)
  Jessica (D:3)
  An iguana (D:4)
  6 adders
  An adder skeleton (D:4)
  A dart slug (D:2)
  6 orcs
  7 endoplasms
  5 giant cockroaches
  3 goblins
  7 hobgoblins
  2 jackals (D:1)
  5 quokkas
  5 ball pythons
  7 bats
  4 frilled lizards
  7 kobolds
  11 rats
80 creatures vanquished.

Vanquished Creatures (others)
  131 foxfires
131 creatures vanquished.

Grand Total: 211 creatures vanquished

Notes
Turn   | Place    | Note
-------+----------+-------------------------------------------
     0 | D:1      | croobank the Octopode Fire Elementalist began the quest for
                  | the Orb.
     0 | D:1      | Reached XP level 1. HP: 11/11 MP: 3/3
   346 | D:1      | Reached XP level 2. HP: 17/17 MP: 0/5
   349 | D:1      | Learned a level 2 spell: Scorch
   406 | D:1      | Reached skill level 3 in Stealth
  1030 | D:1      | Reached XP level 3. HP: 21/21 MP: 4/6
  1952 | D:2      | Found a faded altar of an unknown god.
  2049 | D:2      | Gained mutation: Your flesh is cold resistant. (rC+)
                  | [potion of mutation]
  2049 | D:2      | Gained mutation: You possess an exceptional clarity of
                  | mind. [potion of mutation]
  2049 | D:2      | Gained mutation: Your skin blends seamlessly with your
                  | surroundings (Stealth++). [potion of mutation]
  2049 | D:2      | Gained mutation: Your flesh is very cold resistant. (rC++)
                  | [potion of mutation]
  2381 | D:3      | Reached XP level 4. HP: 27/27 MP: 2/7
  2386 | D:3      | Learned a level 4 spell: Flame Wave
  2635 | D:3      | Noticed Jessica
  2636 | D:3      | Killed Jessica
  3056 | D:3      | Reached skill level 4 in Stealth
  3086 | D:3      | Reached XP level 5. HP: 21/31 MP: 2/9
  3584 | D:4      | Noticed a lemure
  3767 | D:4      | Noticed a lemure
  3794 | D:3      | Killed a lemure
  3881 | D:4      | Noticed Pikel
  3882 | D:4      | Noticed a lemure
  3883 | D:4      | Noticed a lemure
  3889 | D:4      | HP: 1/31 [lemure[Pikel] (3)]
  4262 | D:5      | Entered Level 5 of the Dungeon
  4330 | D:4      | Slain by a lemure

Illustrated notes

Levels and vault maps discovered:
D:1:      nzn_arrival_crosshair, layout_loops_corners
D:2:      minmay_recursive_quarters, layout_basic,
          hellmonk_ecumenical_altar_arch_garden
D:3:      minmay_diamond_boxcup, layout_basic, uniq_jessica
D:4:      layout_cave_pools, corexii_leaking_fountain, uniq_pikel, uniq_grinder
D:5:      layout_loops_ring, zin_statuary, gammafunk_ghost_arena

Skill      XL: |  1  2  3  4  5 |
---------------+----------------+-----
Stealth        | 3 4 |  4.4
Conjurations   | 2 |  2.4
Dodging        | 3 |  3.0
Spellcasting   | |  2.9
Fire Magic     | |  3.8

Action                   |  1- 3 |  4- 6 || total
-------------------------+-------+-------++-------
Melee: Unarmed           |     8 |       ||     8
       Constrict         |     3 |     5 ||     8
       Short sword       |     2 |       ||     2
       Flail             |       |    30 ||    30
       Tentacles         |       |     4 ||     4
 Cast: Foxfire           |    52 |    27 ||    79
       Scorch            |    12 |    24 ||    36
       Flame Wave        |       |     1 ||     1
  Use: Scroll            |     4 |     6 ||    10
       Potion            |     1 |     5 ||     6
 Stab: Sleeping          |       |     2 ||     2
Armor: Skin              |     2 |     3 ||     5
Dodge: Dodged            |    14 |    47 ||    61
